 Dungeon Crawl Stone Soup version 0.26-a0-1126-g3318b609a0 (webtiles) character file.

Game seed: 7236833814418446845

23 robertstho the Chiller (level 2, 0/20 HPs)
             Began as a Demigod Ice Elementalist on Dec 17, 2020.
             Succumbed to an orc wizard's poison
             ... on level 2 of the Dungeon.
             The game lasted 00:02:28 (1371 turns).

robertstho the Chiller (Demigod Ice Elementalist)   Turns: 1371, Time: 00:02:28

Health: 0/20       AC:  2    Str:  9 (11) XL:     2   Next: 57%
Magic:  4/7        EV: 12    Int: 18 (19) God:
Gold:   79         SH:  0    Dex: 14 (16) Spells: 3/4 levels left

rFire    . . .     SeeInvis .   j - +0 short sword
rCold    . . .     Faith    .   (no shield)
rNeg     . . .     Spirit   .   a - +0 robe
rPois    .         Reflect  .   (no helmet)
rElec    .         Harm     .   (no cloak)
rCorr    .         Rampage  .   (no gloves)
Will     .....                  (no boots)
Stlth    ++........             (no amulet)
HPRegen  0.06/turn              (no ring)
MPRegen  0.10/turn              (no ring)

@: lethally poisoned (0 -> -5)
A: high mp 1
a: no special abilities


You were on level 2 of the Dungeon.
You visited 1 branch of the dungeon, and saw 2 of its levels.

You collected 79 gold pieces.

Inventory:

Hand Weapons
 j - a +0 short sword (weapon)
Missiles
 g - 10 boomerangs
Armour
 a - a +0 robe (worn)
Jewellery
 d - an uncursed ring of protection from cold {unknown}
 m - a +4 ring of evasion {unknown}
 n - an uncursed ring of see invisible
Scrolls
 b - 2 scrolls of amnesia {unknown}
 c - 4 scrolls of identify {unknown}
 f - a scroll of enchant weapon {unknown}
 i - 2 scrolls of enchant armour {unknown}
 l - a scroll of remove curse {unknown}
Potions
 h - a potion of brilliance {unknown}
 k - a potion of might {unknown}


   Skills:
 + Level 0.1 Fighting
 + Level 1.8 Dodging
 + Level 2.0 Stealth
 + Level 0.5 Unarmed Combat
 * Level 1.9 Spellcasting
 * Level 4.1 Ice Magic


You had 3 spell levels left.
You knew the following spells:

 Your Spells              Type           Power        Failure   Level
a - Freeze                Ice            64%          3%          1

Your spell library contained the following spells:

 Spells                   Type           Power        Failure   Level
 Frozen Ramparts          Ice            32%          10%         3
 Ozocubu's Armour         Ice            16%          10%         3
 Hailstorm                Conj/Ice       9%           61%         4
 Summon Ice Beast         Ice/Summ       9%           61%         4


Dungeon Overview and Level Annotations

Branches:
Dungeon (2/15)

Annotations:
D:2 Sigmund


Innate Abilities, Weirdness & Mutations

You have an increased reservoir of magic. (+10% MP)


Message History

Aim: an orc wizard, wielding a +1 dagger of venom and wearing a +0 robe (heavily wounded)
You freeze the orc wizard.
The orc wizard is heavily wounded.
You feel sick. The orc wizard closely misses you.
The orc hits you with a cursed -2 flail.
You feel sick. The orc wizard closely misses you.
The orc hits you but does no damage.
The orc hits you with a cursed -2 flail!
* * * LOW HITPOINT WARNING * * *
* * * LOW HITPOINT WARNING * * *
You feel sick. The hobgoblin barely misses you.
* * * LOW HITPOINT WARNING * * *
You feel sick.
There is a shaft here.
The orc wizard looks encouraged for a moment.
The hobgoblin falls through a shaft!
The shaft crumbles and collapses.
It was a potion of degeneration.
There was something very wrong with that liquid.
You feel weakened.
You feel dopey.
You feel clumsy.
You die...

#........ .. #........
#. ## #..>..... .. ...
#l....... #. #..#
#oo......
#.########..#
#o#......
............#
#.#######
............# #°#
##.##.#....# ###@#
##.##...##..##...#
...##....##....#######
##.##.##.####.........
#.....#...............
..............#.......
..............#......#
..............#......#
..............>......#


You could see an orc wizard, 2 orcs and a frilled lizard.

Vanquished Creatures
  An ooze (D:2)
  3 bats (D:1)
  A giant cockroach (D:2)
  A goblin (D:2)
  A hobgoblin (D:1)
  3 jackals (D:2)
  2 ball pythons (D:1)
  A frilled lizard (D:1)
  3 kobolds
  4 rats
20 creatures vanquished.

Notes
Turn   | Place    | Note
-------+----------+-------------------------------------------
     0 | D:1      | robertstho the Demigod Ice Elementalist began the quest for
                  | the Orb.
     0 | D:1      | Reached XP level 1. HP: 14/14 MP: 5/5
  1049 | D:2      | Reached XP level 2. HP: 17/20 MP: 7/7
  1321 | D:2      | Reached skill level 4 in Ice Magic
  1347 | D:2      | Noticed Sigmund
  1369 | D:2      | HP: 1/20 [poisoned by an orc wizard]
  1371 | D:2      | Succumbed to an orc wizard's poison

Illustrated notes

Levels and vault maps discovered:
D:1:      dpeg_arrival_signposts, layout_basic
D:2:      layout_rooms, uniq_sigmund, uniq_robin

Skill      XL: |  1  2 |
---------------+-------+-----
Stealth        | 2 |  2.0
Ice Magic      | 4 |  4.1
Fighting       | |  0.1
Dodging        | |  1.8
Unarmed Combat | |  0.5
Spellcasting   | |  1.9

Action                   || total
-------------------------++-------
Melee: Unarmed           ||    35
       Short sword       ||    15
 Cast: Freeze            ||    23
  Use: Potion            ||     1
 Stab: Sleeping          ||     3
Armor: Robe              ||    15
Dodge: Dodged            ||    48

Table legend: (Time is in decaauts)
 A = Elapsed time spent in this place.
 B = Non-inter-level travel time spent in this place.
 C = Inter-level travel time spent in this place.
 D = Time resting spent in this place.
 E = Time spent auto-exploring this place.
 F = Levels seen in this place.
 G = Mean time per level.
                   A        B        C        D        E       F      G
               +--------+--------+--------+--------+--------+-----+--------+
         Total |   1371 |   1342 |     29 |      0 |   1148 |   2 |  685.5 |
       Dungeon |   1371 |   1342 |     29 |      0 |   1148 |   2 |  685.5 |
               +--------+--------+--------+--------+--------+-----+--------+

Top non-repeatable levels by time:
     D:1: 924 daAuts
     D:2: 446 daAuts
